 Dungeon Sprint DCSS version 0.29.1-13-g9f3cf754e1 (webtiles) character file.

Game seed: 2668766264713268645

973 rocky1 the Basher (level 8, -10/86 HPs)
             Began as a Naga Berserker on Feb 1, 2023.
             Was an Elder of Trog.
             Killed from afar by a gargoyle (21 damage)
             ... with a stone arrow
             ... in the Dungeon (Sprint IX: "|||||||||||||||||||||||||||||").
             The game lasted 00:01:54 (871 turns).

rocky1 the Basher (Naga Berserker)                   Turns: 871, Time: 00:01:55

Health: -10/86     AC:  6    Str: 24    XL:     8   Next: 16%
Magic:  8/8        EV: 13    Int:  7    God:    Trog [****..]
Gold:   0          SH:  0    Dex: 12    Spells: 7/7 levels left

rFire   . . .      SeeInvis +   a - +0 mace
rCold   . . .      Faith    .   (no shield)
rNeg    . . .      Spirit   .   b - +0 animal skin
rPois   +          Reflect  .   (no helmet)
rElec   .          Harm     .   k - +0 cloak
rCorr   .          Rampage  .   l - +0 pair of gloves
Will    +....      NoTele   +   (no barding)
Stlth   ++........              (no amulet)
HPRegen 0.24/turn               n - +2 ring of evasion
MPRegen 0.11/turn               o - +3 ring of strength

@: on berserk cooldown, hasted and slowed, invisible, very slow
A: AC +2, large, see invisible, deformed body, poison resistance, slowness 2,
spit poison 1, naga tail 1
a: Spit Poison, Renounce Religion, Berserk, Trog's Hand, Brothers in Arms


You were in the Dungeon.
You worshipped Trog.
Trog was greatly pleased with you.
You visited 1 branch

Inventory:

Hand Weapons
 a - a +0 mace (weapon)
Armour
 b - a +0 animal skin (worn)
 k - a +0 cloak (worn)
 l - a +0 pair of gloves (worn)
 m - a +1 scale mail
Jewellery
 n - a +2 ring of evasion (left hand)
 o - a +3 ring of strength (right hand)
Wands
 j - a wand of roots (10)
Scrolls
 h - 2 scrolls of blinking
Potions
 c - 4 potions of curing
 f - 4 potions of magic
 g - a potion of berserk rage


   Skills:
 + Level 10.0 Fighting
 + Level 12.7 Maces & Flails
 + Level 4.1 Armour
 + Level 5.3 Dodging
 + Level 2.4 Stealth


You had 7 spell levels left.
You didn't know any spells.
Your spell library was empty.

Dungeon Overview and Level Annotations

Branches:
Dungeon (1/1)

Altars:
Cheibriados
Dithmenos
Elyvilon
Fedhas
Gozag
Hepliaklqana
Kikubaaqudgha
Makhleb
Nemelex Xobeh
Okawaru
Qazlal
Ru
Sif Muna
Trog
Uskayaw
Vehumet
Wu Jian
Xom
Yredelemnul
Zin
The Shining One
Jiyva
Lugonu


Innate Abilities, Weirdness & Mutations

Your serpentine skin is tough. (AC +2)
You have supernaturally acute eyesight. (SInv)
Armour fits poorly on your strangely shaped body.
Your system is resistant to poisons. (rPois)
You cover ground very slowly.
You can spit poison.
You have a snake-like lower body.


Message History

You feel much better.
You feel the effects of Trog's Hand fading.
The gargoyle hurls a stone arrow at you.
The stone arrow misses you. The gargoyle barely misses you.
You hit the gargoyle but do no damage.
The gargoyle is moderately damaged.
The gargoyle misses you.
You hit the gargoyle but do no damage.
The gargoyle is moderately damaged.
The gargoyle hits you with a +0 dire flail!
You feel yourself speed up.
Your skin stops crawling.
You feel less strong-willed.
The orc wizard mumbles some strange words.
The orc wizard flickers and vanishes for a moment.
The gargoyle completely misses you.
The gargoyle hurls a stone arrow at you.
The stone arrow hits you!!
You fade into invisibility!
The centaur wields a +0 shortbow.
The centaur shoots an arrow.
The arrow hits the kobold brigand!
The kobold brigand throws a poisoned dart.
The poisoned dart hits the gargoyle!
The gargoyle hits you with a +0 dire flail!!
* * * LOW HITPOINT WARNING * * *
You feel better.
The centaur shoots an arrow.
The arrow misses the kobold brigand.
The arrow hits the gargoyle!
The centaur shoots an arrow.
The arrow hits the kobold brigand!
You catch the helpless gargoyle completely off-guard!
You sock the gargoyle!
The gargoyle is almost destroyed.
The centaur shoots an arrow.
The arrow hits the kobold brigand!
You strike the helpless gargoyle from behind!
You hit the gargoyle.
The gargoyle is almost destroyed.
The kobold brigand throws a poisoned dart.
The poisoned dart barely misses the gargoyle.
The poisoned dart misses you.
The gargoyle hurls a stone arrow at you.
The stone arrow hits you!!
You die... ▓▓▓▓▓▓▓▓▓▓▓▓▓▓▓▓▓▓▓▓▓▓▓▓ ...ocK9@.....)?.'_______ ▓▓▓▓▓▓▓▓▓▓▓▓▓▓▓▓▓▓▓▓▓▓▓▓

You could see a gargoyle (unable to see you), a kobold brigand (unable to see you), a centaur (unable to see you) and an orc wizard (invisible, unable to see you).

Vanquished Creatures
  A two-headed ogre (D)
  A troll (D)
  A phantom (D)
  A scorpion (D)
  2 iguanas (D)
  A hobgoblin (D)
  2 kobolds (D)
  A quokka (D)
  A frilled lizard (D)
  A rat (D)
12 creatures vanquished.

Notes
Turn   | Place    | Note
-------+----------+-------------------------------------------
     0 | D        | rocky1 the Naga Berserker began the quest for the Orb.
     0 | D        | Reached XP level 1. HP: 21/21 MP: 1/1
     8 | D        | Reached ** piety under Trog
   347 | D        | Noticed an iguana
   347 | D        | Noticed an iguana
   347 | D        | Noticed a phantom
   347 | D        | Noticed a scorpion
   352 | D        | Killed a scorpion
   353 | D        | Reached skill level 5 in Fighting
   353 | D        | Reached skill level 5 in Maces & Flails
   353 | D        | Reached XP level 2. HP: 32/32 MP: 2/2
   353 | D        | Reached XP level 3. HP: 39/39 MP: 3/3
   353 | D        | Reached XP level 4. HP: 46/46 MP: 4/4
   365 | D        | Killed a phantom
   365 | D        | Reached *** piety under Trog
   366 | D        | Reached skill level 7 in Maces & Flails
   366 | D        | Reached XP level 5. HP: 56/56 MP: 5/5
   378 | D        | Reached skill level 8 in Maces & Flails
   776 | D        | Found a snail-covered altar of Cheibriados.
   776 | D        | Found a shadowy altar of Dithmenos.
   776 | D        | Found a white marble altar of Elyvilon.
   776 | D        | Found a blossoming altar of Fedhas.
   776 | D        | Found an opulent altar of Gozag.
   777 | D        | Found a hazy altar of Hepliaklqana.
   778 | D        | Found a viscous altar of Jiyva.
   779 | D        | Found an ancient bone altar of Kikubaaqudgha.
   780 | D        | Found a corrupted altar of Lugonu.
   781 | D        | Found a burning altar of Makhleb.
   782 | D        | Found a sparkling altar of Nemelex Xobeh.
   783 | D        | Found an iron altar of Okawaru.
   784 | D        | Found a stormy altar of Qazlal.
   785 | D        | Found a sacrificial altar of Ru.
   786 | D        | Found a shimmering blue altar of Sif Muna.
   787 | D        | Found a bloodstained altar of Trog.
   788 | D        | Found a hide-covered altar of Uskayaw.
   789 | D        | Found a radiant altar of Vehumet.
   790 | D        | Found an ornate altar of the Wu Jian Council.
   791 | D        | Found a shimmering altar of Xom.
   792 | D        | Found a basalt altar of Yredelemnul.
   793 | D        | Found a glowing silver altar of Zin.
   794 | D        | Found a glowing golden altar of the Shining One.
   835 | D        | Noticed a centaur
   835 | D        | Noticed a kobold brigand
   835 | D        | Noticed a gargoyle
   835 | D        | Noticed a troll
   835 | D        | Noticed a two-headed ogre
   841 | D        | Killed a two-headed ogre
   842 | D        | Reached skill level 12 in Maces & Flails
   842 | D        | Reached skill level 5 in Dodging
   842 | D        | Reached XP level 6. HP: 49/70 MP: 6/6
   842 | D        | Reached XP level 7. HP: 53/76 MP: 7/7
   847 | D        | Killed a troll
   847 | D        | Reached **** piety under Trog
   848 | D        | Reached skill level 10 in Fighting
   848 | D        | Reached XP level 8. HP: 33/86 MP: 8/8
   862 | D        | HP: 4/86 [gargoyle/stone arrow (9)]
   868 | D        | HP: 3/86 [gargoyle/+0 dire flail (24)]
   871 | D        | Killed from afar by a gargoyle

Illustrated notes

Levels and vault maps discovered:
D:        linesprint [early_d, line_temple, items_1, d_10, items_2, lair_1,
          lair_end, items_3, orc_1, orc_end, items_4, d_15, swamp_1, shoals_1,
          snake_1, spider_1, d_20, vaults_1, items_5, swamp_end, shoals_end,
          snake_end, spider_end, vaults_end, d_27, items_6, zot_1, zot_end,
          crypt_end, forest_end, elf_end, slime_end, tomb_end, abyss_end,
          pan_hell_end]

Skill      XL: |  1  2  3  4  5  6  7 |
---------------+----------------------+-----
Fighting       | 5 6 9 10 | 10.0
Maces & Flails | 5 7 12 | 12.7
Armour         | 2 3 4 |  4.1
Dodging        | 2 3 5 |  5.3
Stealth        | 2 |  2.4

Action                   |  1- 3 |  4- 6 |  7- 9 || total
-------------------------+-------+-------+-------++-------
Melee: Mace              |    15 |    26 |    25 ||    66
Invok: Berserk           |     1 |     1 |       ||     2
       Trog's Hand       |     1 |     1 |       ||     2
 Abil: Spit Poison       |       |     1 |       ||     1
  Use: Potion            |       |     1 |     5 ||     6
 Stab: Invisible         |       |       |     2 ||     2
Armor: Animal skin       |     1 |     3 |     1 ||     5
Dodge: Dodged            |     8 |    11 |    12 ||    31
